 Dungeon Crawl Stone Soup version 0.29-a0-1047-g7c58e119a4 (webtiles) character file.

Game seed: 1406092688782374126

7 Zeldest the Insei (level 2, 0/16 HPs)
             Began as a Vine Stalker Monk on Aug 16, 2022.
             Slain by a gnoll
             ... wielding a +0 whip
              (3 damage)
             ... on level 1 of the Dungeon.
             The game lasted 00:00:46 (114 turns).

Zeldest the Insei (Vine Stalker Monk)                Turns: 114, Time: 00:00:47

Health: 0/16       AC:  5    Str: 13    XL:     2   Next: 0%
Magic:  0/3        EV: 11    Int: 10    God:
Gold:   28         SH:  0    Dex: 16    Spells: 1/1 levels left

rFire   . . .      SeeInvis .     - Unarmed
rCold   . . .      Faith    .   (no shield)
rNeg    . . .      Spirit   +   d - +0 ring mail
rPois   .          Reflect  .   (no helmet)
rElec   .          Harm     .   (no cloak)
rCorr   .          Rampage  .   (no gloves)
Will    .....                   (no boots)
Stlth   ++........              (no amulet)
HPRegen 0.05/turn               (no ring)
MPRegen 0.08/turn               (no ring)

@: no status effects
A: fangs 2, magic shield, antimagic bite, no potion heal 2
a: no special abilities


You were on level 1 of the Dungeon.
You visited 1 branch of the dungeon, and saw 1 of its levels.

You collected 28 gold pieces.

Inventory:

Armour
 a - a +0 robe
 c - a +0 leather armour
 d - a +0 ring mail (worn)


   Skills:
 + Level 2.8 Fighting
 + Level 0.2 Armour
 + Level 2.5 Dodging
 - Level 2.4 Stealth
 * Level 3.2 Unarmed Combat


You had one spell level left.
You didn't know any spells.
Your spell library was empty.

Dungeon Overview and Level Annotations

Branches:
Dungeon (1/15)

Altars:


Innate Abilities, Weirdness & Mutations

You have extremely sharp teeth.
When hurt, damage is shared between your health and your magic reserves.
Your bite disrupts and absorbs the magic of your enemies.
Potions cannot restore your health.


Message History

You are confused.
Your system rejects the healing.
You feel invigorated. The hobgoblin closely misses you.
You bump into the rock wall.
The hobgoblin closely misses you.
You hit the hobgoblin but do no damage. The hobgoblin closely misses you.
You bump into the rock wall.
The hobgoblin hits you but does no damage.
You bump into the rock wall.
The hobgoblin hits you.
* * * LOW HITPOINT WARNING * * *
You bump into the rock wall.
The hobgoblin barely misses you.
You barely miss the hobgoblin. The hobgoblin misses you.
You bump into the rock wall.
The hobgoblin closely misses you.
You barely miss the hobgoblin. Your bite misses the hobgoblin.
The hobgoblin barely misses you.
You hit the hobgoblin but do no damage. Your bite misses the hobgoblin.
You feel less invigorated.
You feel less confused.
The hobgoblin hits you but does no damage.
You closely miss the hobgoblin. You bite the hobgoblin. You drain its power.
The hobgoblin is almost dead.
The hobgoblin closely misses you.
You closely miss the hobgoblin.
The hobgoblin is almost dead.
The hobgoblin closely misses you.
You barely miss the hobgoblin.
The hobgoblin is almost dead.
The hobgoblin barely misses you.
You hit the hobgoblin.
You kill the hobgoblin!
You have reached level 2!
You aren't carrying any items that you can evoke.
Unknown command.
You aren't carrying any scrolls.
Unknown command.
You aren't carrying any potions.
Unknown command.
You hit the gnoll but do no damage. You bite the gnoll. You drain its power.
The gnoll is lightly wounded.
The gnoll hits you with a +0 whip.
You die...

# .# ###########.#
#...........# ###
#..........#
#.###..........# .#
#..............# ...
#@#............# #.#.###
#g##...........#
#......###†#..#.#.†.#####
?........#........#.###
.....g...........#....#
.........#.......#....#
..............#.##....#
...........##...##....#
#####......###..##....#


You could see a gnoll.

Vanquished Creatures
  An endoplasm (D:1)
  A giant cockroach (D:1)
  3 hobgoblins (D:1)
5 creatures vanquished.

Notes
Turn   | Place    | Note
-------+----------+-------------------------------------------
     0 | D:1      | Zeldest the Vine Stalker Monk began the quest for the Orb.
     0 | D:1      | Reached XP level 1. HP: 11/11 MP: 2/2
   114 | D:1      | Reached XP level 2. HP: 3/16 MP: 3/3
   114 | D:1      | Slain by a gnoll

Illustrated notes

Levels and vault maps discovered:
D:1:      erik_arrival_orb_chamber, layout_rooms

Action                   || total
-------------------------++-------
Melee: Unarmed           ||    27
       Bite              ||     6
  Use: Potion            ||     1
Armor: Ring mail         ||     7
Dodge: Dodged            ||    19

Table legend: (Time is in decaauts)
 A = Elapsed time spent in this place.
 B = Non-inter-level travel time spent in this place.
 C = Inter-level travel time spent in this place.
 D = Time resting spent in this place.
 E = Time spent auto-exploring this place.
 F = Levels seen in this place.
 G = Mean time per level.
                   A        B        C        D        E       F      G
               +--------+--------+--------+--------+--------+-----+--------+
         Total |    112 |    112 |      0 |      0 |      0 |   1 |  112.0 |
       Dungeon |    112 |    112 |      0 |      0 |      0 |   1 |  112.0 |
               +--------+--------+--------+--------+--------+-----+--------+

Top non-repeatable levels by time:
     D:1: 112 daAuts
